 Dungeon Crawl Stone Soup version 0.28.0-47-ge53b351184 (webtiles) character file.

Game seed: 14879991920691681289

93092 Peloso the Fencer (level 15, -8/156 HPs)
             Began as a Minotaur Fighter on May 7, 2022.
             Was the Champion of Okawaru.
             Mangled by Agnes
             ... wielding a +0 lajatang of speed
              (17 damage)
             ... on level 2 of the Orcish Mines.
             The game lasted 01:13:00 (25057 turns).

Peloso the Fencer (Minotaur Fighter)               Turns: 25057, Time: 01:13:01

Health: -8/156     AC: 24    Str: 29    XL:     15   Next: 59%
Magic:  17/17      EV:  9    Int:  5    God:    Okawaru [******]
Gold:   5098       SH: 14    Dex: 12    Spells: 14/14 levels left

rFire   + . .      SeeInvis .   b - +2 demon blade (elec)
rCold   . . .      Faith    .   m - +0 kite shield
rNeg    . . .      Spirit   .   o - +1 plate armour {Will+}
rPois   +          Reflect  .   (helmet restricted)
rElec   .          Harm     .   G - +1 cloak {rCorr}
rCorr   +          Rampage  .   r - +0 pair of gloves {Str+3}
Will    +....                   y - +0 pair of boots
Stlth   ..........              B - amulet of Vitality {Regen+ HP+15}
HPRegen 1.16/turn               j - ring of poison resistance
MPRegen 0.15/turn               M - ring "Pyahor" {rF+ Will- Slay+5}

@: no status effects
A: horns 2, retaliatory headbutt
a: Renounce Religion, Heroism, Finesse, Duel


You were on level 2 of the Orcish Mines.
You worshipped Okawaru.
Okawaru was exalted by your worship.
You visited 5 branches of the dungeon, and saw 25 of its levels.
You also visited: Bailey.

You collected 5098 gold pieces.

Inventory:

Hand Weapons
 a - a +4 scimitar of flaming
 b - a +2 demon blade of electrocution (weapon)
Armour
 c - a +0 buckler
 m - a +0 kite shield (worn)
 o - a +1 plate armour of willpower (worn)
 r - a +0 pair of gloves of strength (worn)
 y - a +0 pair of boots (worn)
 A - the +0 cloak "Gapafufo" {Str+4}
   (Okawaru gifted it to you on level 13 of the Dungeon)

   Str:       It affects your strength (+4).
 G - a +1 cloak of preservation (worn)
 T - +0 fire dragon scales
Jewellery
 j - a ring of poison resistance (left hand)
 n - an amulet of reflection
 w - a ring of flight
 z - a ring of resist corrosion
 B - the amulet of Vitality (around neck) {Regen+ HP+15}
   (You found it in a bailey)

   [amulet of regeneration]

   HP:        It affects your health (+15).
   Regen:     It increases your rate of health regeneration.
 F - a +6 ring of strength
 J - a +4 ring of protection
 M - the ring "Pyahor" (right hand) {rF+ Will- Slay+5}
   (You found it on level 11 of the Dungeon)

   [ring of protection from fire]

   Slay:      It affects your accuracy & damage with ranged weapons and melee
   (+5).
   rF:        It protects you from fire.
   Will:      It decreases your willpower.
 Q - a +6 ring of intelligence
 U - a +6 ring of intelligence
Wands
 s - a wand of acid (2)
 u - a wand of digging (12)
 D - a wand of flame (21)
 R - a wand of iceblast (5)
Scrolls
 f - a scroll of acquirement
 h - 3 scrolls of amnesia
 k - 2 scrolls of brand weapon
 l - 5 scrolls of teleportation
 v - 3 scrolls of fog
 x - a scroll of enchant weapon
 E - 2 scrolls of silence
 H - a scroll of noise
 I - 2 scrolls of enchant armour
 K - 5 scrolls of identify
 L - 2 scrolls of fear
 P - 2 scrolls of vulnerability {unknown}
Potions
 d - a potion of might
 e - a potion of haste
 g - 4 potions of flight
 p - 2 potions of ambrosia
 q - a potion of invisibility {unknown}
 t - a potion of berserk rage
 C - 2 potions of heal wounds
 N - 7 potions of curing
 O - a potion of resistance
 S - a potion of magic
Miscellaneous
 i - a box of beasts


   Skills:
 + Level 15.3 Fighting
 + Level 17.9 Long Blades
 + Level 0.2 Throwing
 + Level 15.8 Armour
 + Level 5.6 Dodging
 + Level 2.4 Stealth
 + Level 17.1 Shields
 + Level 4.0 Invocations
 + Level 1.9 Evocations


You had 14 spell levels left.
You didn't know any spells.
Your spell library contained the following spells:

 Spells                   Type           Power      Damage    Failure   Level
 Apportation              Tloc           0%         N/A       99%         1
 Foxfire                  Conj/Fire      0%         2x1d4     99%         1
 Freeze                   Ice            0%         1d3       99%         1
 Pain                     Necr           0%         1d4       99%         1
 Sting                    Tmut/Pois      0%         1d3       99%         1
 Poisonous Vapours        Pois/Air       0%         N/A       100%        2
 Confusing Touch          Hex            0%         N/A       100%        3
 Conjure Flame            Conj/Fire      0%         6-21      100%        3
 Frozen Ramparts          Ice            0%         1d2       100%        3
 Gell's Gravitas          Tloc           0%         N/A       100%        3
 Inner Flame              Hex/Fire       0%         N/A       100%        3
 Portal Projectile        Hex/Tloc       0%         N/A       100%        3
 Teleport Other           Tloc           0%         N/A       100%        3
 Vampiric Draining        Necr           0%         2d6       100%        3
 Cause Fear               Hex            0%         N/A       100%        4
 Flame Wave               Conj/Fire      0%         2d4       100%        4
 Hailstorm                Conj/Ice       0%         3d3       100%        4
 Olgreb's Toxic Radiance  Pois           0%         N/A       100%        4
 Alistair's Intoxication  Tmut/Pois      0%         N/A       100%        5
 Blade Hands              Tmut           0%         N/A       100%        5
 Excruciating Wounds      Necr           0%         N/A       100%        5
 Yara's Violent Unravell  Hex/Tmut       0%         3d3       100%        5
 Dispersal                Tloc           0%         N/A       100%        6
 Enfeeble                 Hex            0%         N/A       100%        7
 Discord                  Hex            0%         N/A       100%        8
 Animate Skeleton         Necr           Unusable   N/A       N/A         1
 Summon Small Mammal      Summ           Unusable   N/A       N/A         1

Dungeon Overview and Level Annotations

Branches:
Dungeon (15/15)            Temple (1/1) D:5            Lair (6/6) D:11
  Swamp (0/4) Lair:3       Spider (0/4) Lair:2        Slime (0/5) Lair:6
    Orc (2/2) D:10            Elf (1/3) Orc:2        Vaults (0/5) D:14
 Depths (0/4) D:15         Bailey (visited)

Altars:
Cheibriados
Dithmenos
Elyvilon
Gozag
Hepliaklqana
Makhleb
Okawaru
Ru
Yredelemnul
Zin
The Shining One
Beogh

Shops:
D:6 [   Orc:1 *   Orc:2 (([*

Portals:
Trove: D:10 (give 17 scrolls of teleportation)

Annotations:
D:3 1 runed translucent door, Crazy Yiuf
D:8 2 transporters, mistmaker's ghost, journeyman MiBe
D:11 Casa
Orc:2 Agnes


Innate Abilities, Weirdness & Mutations

You have a pair of horns on your head.
You reflexively headbutt those who attack you in melee.


Message History

Agnes hits you with a +0 lajatang of speed!
You block Agnes's attack.
You block the +3 glaive of freezing's attack.
You barely miss Agnes. Your headbutt misses Agnes.
Agnes is moderately wounded.
The deep elf pyromancer casts a spell.
The deep elf pyromancer blinks!
Agnes hits you with a +0 lajatang of speed!
You completely miss Agnes.
Agnes is moderately wounded.
You block Agnes's attack.
The +3 glaive of freezing hits you from afar!
* * * LOW HITPOINT WARNING * * *
The +3 glaive of freezing freezes you.
* * * LOW HITPOINT WARNING * * *
Agnes hits you with a +0 lajatang of speed!!
* * * LOW HITPOINT WARNING * * *
Agnes hits you but does no damage.
There is a staircase back to the Mines here.
Agnes hits you but does no damage.
The +3 glaive of freezing hits you from afar.
* * * LOW HITPOINT WARNING * * *
The +3 glaive of freezing freezes you.
* * * LOW HITPOINT WARNING * * *
Agnes hits you but does no damage.
The deep elf pyromancer is engulfed in blazing flames.
You block Agnes's attack.
The deep elf pyromancer gestures wildly while chanting.
The deep elf pyromancer blinks!
The +3 glaive of freezing hits you from afar!
* * * LOW HITPOINT WARNING * * *
The +3 glaive of freezing freezes you.
* * * LOW HITPOINT WARNING * * *
You climb upwards.
Welcome back to the Orcish Mines!
There is a staircase to the Elven Halls here.
You feel much better.
Agnes hits you with a +0 lajatang of speed!!
* * * LOW HITPOINT WARNING * * *
Agnes hits you with a +0 lajatang of speed!
You die...

.....#.#.#.#..##
...............######
.................##.####
.............#.......#.##
..............#.........##
.....................#...#
........................#####
...............##.......###.###
............)[..@.............##
...............i......#........##
.............)[[..........#.#)).#
..........[.))[[.##......#.##)###
.........)[[.).[.##.......##)).##
..[.).[)[))..#[[.........##.8.8.#
....)[)[.....#.[.......####.)...#
####..[#######.).^....###.#.8.8.#
##...[)..## #........##..##._.##


You could see Agnes.

Vanquished Creatures
  Kirke (D:12)
  Nessos (D:15)
  A dire elephant (D:15)
  Snorg (D:13)
  2 fire dragons (Lair:6)
  Josephine (Orc:1)
  4 boulder beetles
  An ogre mage (D:15)
  10 hydras
  5 centaur warriors
  8 death yaks (Lair:6)
  A tengu warrior (D:15)
  6 two-headed ogres
  6 orc high priests (Orc:2)
  Urug (D:14)
  A skeletal warrior (D:14)
  A lindwurm (Lair:6)
  8 orc knights
  3 swamp dragons
  6 deep elf pyromancers
  3 oklob plants (Lair:3)
  A wolf spider (D:15)
  4 cyclopes
  An orc sorcerer (D:15)
  A salamander (D:15)
  3 will-o-the-wisps
  17 ugly things
  A manticore (D:11)
  5 elephants (Lair:4)
  Maurice (D:10)
  5 torpor snails (Lair:6)
  4 black mambas
  2 gargoyles
  6 cane toads
  2 efreet (D:14)
  12 komodo dragons
  A freezing wraith (D:15)
  4 polar bears
  3 meliai (D:13)
  A queen bee (D:13)
  5 trolls
  5 slime creatures
  4 tyrant leeches (Lair:6)
  5 blink frogs (Lair:3)
  7 dream sheep
  7 hornets (Lair:6)
  Sigmund (D:3)
  A vampire (D:12)
  A spriggan (Lair:6)
  4 wyverns
  A fire bat (shapeshifter) (D:13)
  25 yaks
  8 wraiths
  3 steam dragons (Lair:6)
  2 hogs (D:12)
  18 humans
  8 vampire mosquitoes
  7 basilisks
  3 wargs
  5 acid dragons
  A floating eye (Lair:3)
  11 water moccasins
  39 orc warriors
  2 black bears
  A sky beast (D:8)
  20 wolves
  6 ogres
  7 centaurs
  2 phantoms
  3 kobold brigands
  5 bullfrogs
  Blork the orc (D:5)
  A scorpion (D:5)
  A wyvern skeleton (D:4)
  A water moccasin zombie (D:6)
  18 killer bees
  12 electric eels
  5 wights (D:6)
  3 howler monkeys
  3 bullfrog zombies (D:6)
  4 centaur zombies
  3 centaur skeletons
  3 hounds
  17 jellies
  29 orc priests
  A bullfrog skeleton (D:4)
  20 orc wizards
  5 iguanas
  2 killer bee zombies
  A hound skeleton (D:4)
  2 howler monkey zombies
  3 gnolls
  4 adders
  A shadow imp (D:7)
  2 ufetubi (D:7)
  An adder skeleton (D:5)
  An adder zombie (D:4)
  3 worms
  3 dart slugs
  82 orcs
  10 ball pythons
  18 endoplasms
  A giant cockroach (D:2)
  8 goblins
  8 hobgoblins
  3 jackals (D:1)
  5 quokkas
  8 bats
  4 frilled lizards
  18 kobolds
  5 rats
  3 plants (Lair:6)
685 creatures vanquished.

Vanquished Creatures (others)
  A deep elf pyromancer (D:12)
  An ice beast (D:7)
  2 orc wizards (D:6)
  A kobold (D:7)
  33 foxfires
  15 fungi
  49 plants
102 creatures vanquished.

Grand Total: 787 creatures vanquished

Notes
Turn   | Place    | Note
-------+----------+-------------------------------------------
     0 | D:1      | Peloso the Minotaur Fighter began the quest for the Orb.
     0 | D:1      | Reached XP level 1. HP: 19/19 MP: 0/0
   184 | D:1      | Reached XP level 2. HP: 23/27 MP: 1/1
   519 | D:1      | Reached XP level 3. HP: 28/33 MP: 2/2
   898 | D:1      | Found a faded altar of an unknown god.
  1042 | D:1      | Identified a scroll of acquirement
  1111 | D:2      | Found a white marble altar of Elyvilon.
  1945 | D:3      | Found a runed translucent door.
  1946 | D:3      | Noticed Crazy Yiuf
  2125 | D:3      | Reached XP level 4. HP: 32/40 MP: 3/3
  2277 | D:3      | Noticed a black bear
  2291 | D:3      | Killed a black bear
  2292 | D:3      | Reached skill level 1 in Dodging
  2292 | D:3      | Reached XP level 5. HP: 15/46 MP: 4/4
  2507 | D:3      | Noticed Sigmund
  2520 | D:3      | Killed Sigmund
  2521 | D:3      | Reached skill level 5 in Long Blades
  2521 | D:3      | Reached skill level 5 in Armour
  2521 | D:3      | Reached XP level 6. HP: 53/53 MP: 5/5
  2630 | D:3      | Found a shadowy altar of Dithmenos.
  3316 | D:4      | Reached skill level 5 in Shields
  3316 | D:4      | Reached XP level 7. HP: 57/60 MP: 6/6
  3363 | D:4      | Reached skill level 5 in Fighting
  3598 | D:4      | Found an iron altar of Okawaru.
  3606 | D:4      | Became a worshipper of Warmaster Okawaru
  3832 | D:5      | Entered Level 5 of the Dungeon
  3832 | D:5      | Found a staircase to the Ecumenical Temple.
  3873 | Temple   | Entered the Ecumenical Temple
  4052 | D:5      | Noticed Blork the orc
  4061 | D:5      | Killed Blork the orc
  4292 | D:5      | Found a sacrificial altar of Ru.
  4607 | D:5      | Found a hazy altar of Hepliaklqana.
  4697 | D:5      | Reached * piety under Okawaru
  4698 | D:5      | Reached XP level 8. HP: 68/70 MP: 7/7
  5861 | D:6      | Reached skill level 1 in Invocations
  5985 | D:6      | Found a glowing silver altar of Zin.
  6043 | D:6      | Found Foiczoz's Armour Shop.
  6051 | D:6      | Reached skill level 1 in Stealth
  6110 | D:6      | Found a basalt altar of Yredelemnul.
  6213 | D:6      | Reached XP level 9. HP: 78/78 MP: 8/8
  6264 | D:6      | Reached skill level 10 in Long Blades
  6471 | D:6      | Reached ** piety under Okawaru
  6812 | D:7      | Found a flagged portal.
  6880 | Bailey   | Entered a bailey
  7243 | Bailey   | Found a large runed translucent door.
  7243 | Bailey   | Found a large runed translucent door.
  7243 | Bailey   | Noticed an orc knight
  7290 | Bailey   | Killed an orc knight
  7290 | Bailey   | Reached *** piety under Okawaru
  7545 | Bailey   | Acquired 945 gold pieces
  7646 | Bailey   | Noticed a deep elf pyromancer
  7647 | Bailey   | Found the amulet of Vitality {Regen+ HP+15}
  7727 | Bailey   | Killed a deep elf pyromancer
  7728 | Bailey   | Reached XP level 10. HP: 88/88 MP: 7/10
  9346 | D:8      | Found a transporter.
  9347 | D:8      | Noticed mistmaker's ghost (journeyman MiBe)
  9348 | D:8      | Identified the +10 dire flail of the Boiling Point
                  | {antimagic, Int+2}
  9348 | D:8      | Noticed a two-headed ogre
  9349 | D:8      | Found a transporter.
  9680 | D:9      | Reached **** piety under Okawaru
  9840 | D:9      | Noticed a two-headed ogre
  9846 | D:9      | Killed a two-headed ogre
 10287 | D:10     | Entered Level 10 of the Dungeon
 10289 | D:10     | Noticed Maurice
 10348 | D:10     | Killed Maurice
 10348 | D:10     | Reached ***** piety under Okawaru
 10349 | D:10     | Reached skill level 1 in Evocations
 10414 | D:10     | Found an opulent altar of Gozag.
 10463 | D:10     | Found a staircase to the Orcish Mines.
 10476 | D:10     | Found a portal to a secret trove of treasure.
 10539 | D:10     | Reached XP level 11. HP: 95/95 MP: 11/11
 10966 | D:10     | Received a gift from Okawaru
 11013 | D:10     | Found a burning altar of Makhleb.
 11079 | D:11     | Noticed a brown ugly thing
 11094 | D:10     | Killed a brown ugly thing
 11122 | D:11     | Reached skill level 10 in Shields
 11168 | D:11     | Found a staircase to the Lair.
 11183 | D:11     | Identified the ring "Pyahor" {rF+ Will- Slay+5}
 11475 | D:11     | Noticed an eight-headed hydra
 11496 | D:11     | Killed an 11-headed hydra
 11496 | D:11     | Received a gift from Okawaru
 11622 | Lair:1   | Entered Level 1 of the Lair of Beasts
 11724 | Lair:1   | Reached skill level 10 in Armour
 12105 | Lair:1   | Reached skill level 10 in Fighting
 12403 | Lair:2   | Noticed a five-headed hydra
 12419 | Lair:2   | Killed an eight-headed hydra
 12443 | Lair:2   | Reached XP level 12. HP: 106/106 MP: 12/12
 12535 | Lair:2   | Found a hole to the Spider Nest.
 12810 | Lair:2   | Noticed a six-headed hydra
 12831 | Lair:2   | Killed a 13-headed hydra
 13169 | Lair:3   | Found a staircase to the Swamp.
 13220 | Lair:3   | Reached skill level 15 in Long Blades
 13268 | Lair:3   | Identified the +0 plate armour "Anag" {Str+2} (Okawaru
                  | gifted it to you on level 3 of the Lair of Beasts)
 13268 | Lair:3   | Received a gift from Okawaru
 13474 | Lair:3   | Paralysed by a floating eye for 4 turns
 13482 | Lair:3   | Paralysed by a floating eye for 2 turns
 13862 | Lair:3   | Paralysed by a floating eye for 4 turns
 14890 | Orc:1    | Entered Level 1 of the Orcish Mines
 15117 | D:12     | Noticed a boulder beetle
 15140 | D:12     | Killed a boulder beetle
 15175 | D:12     | Noticed a five-headed hydra
 15185 | D:12     | Killed a nine-headed hydra
 15207 | D:12     | You fall into a shaft and drop 1 floor!
 15399 | D:13     | Reached XP level 13. HP: 108/117 MP: 14/14
 15464 | D:13     | Noticed Snorg
 15473 | D:13     | Killed Snorg
 15473 | D:13     | Received a gift from Okawaru
 16396 | D:12     | Noticed Kirke
 16417 | D:12     | Killed Kirke
 16759 | Orc:2    | Entered Level 2 of the Orcish Mines
 16759 | Orc:2    | Noticed Josephine
 16931 | Orc:1    | Killed Josephine
 16931 | Orc:1    | Received a gift from Okawaru
 17313 | Orc:2    | Found a staircase to the Elven Halls.
 18556 | Orc:2    | Found Vinoq's Antique Weapon Boutique.
 18559 | Orc:2    | Found Nugyduac's Armour Boutique.
 18560 | Orc:2    | Found Reqayte's General Store.
 18561 | Orc:2    | Found Tona's Weapon Shop.
 18725 | Orc:1    | Reached XP level 14. HP: 84/129 MP: 13/15
 18896 | Orc:1    | Found Luxeah's General Store.
 19315 | D:14     | Noticed Urug
 19315 | D:14     | Found a gate to the Vaults.
 19399 | D:13     | Identified the +0 cloak "Gapafufo" {Str+4} (Okawaru gifted
                  | it to you on level 13 of the Dungeon)
 19399 | D:13     | Received a gift from Okawaru
 19616 | D:14     | Reached skill level 5 in Dodging
 19852 | D:14     | Killed Urug
 20081 | D:14     | Reached skill level 15 in Shields
 20361 | D:14     | Found a snail-covered altar of Cheibriados.
 20766 | D:15     | Entered Level 15 of the Dungeon
 21290 | D:15     | Found a staircase to the Depths.
 21385 | D:15     | Received a gift from Okawaru
 21390 | D:15     | Reached skill level 15 in Armour
 21782 | D:15     | Noticed Nessos
 21782 | D:15     | Paralysed by Nessos for 3 turns
 21792 | D:15     | Killed Nessos
 22174 | Lair:4   | Reached XP level 15. HP: 139/139 MP: 16/16
 22645 | Lair:4   | Acquired 1067 gold pieces
 23105 | Lair:5   | You fall into a shaft and drop 1 floor!
 23105 | Lair:6   | Entered Level 6 of the Lair of Beasts
 23115 | Lair:6   | Reached ****** piety under Okawaru
 23252 | Lair:6   | Found a staircase to the Slime Pits.
 23432 | Lair:6   | Received a gift from Okawaru
 23600 | Lair:6   | Reached skill level 15 in Fighting
 23922 | Lair:6   | Found a runed translucent door.
 25036 | Elf:1    | Entered Level 1 of the Elven Halls
 25040 | Elf:1    | Noticed Agnes
 25055 | Elf:1    | HP: 7/156 [+3 glaive of freezing (9)]
 25057 | Orc:2    | Mangled by Agnes

Illustrated notes

Levels and vault maps discovered:
D:1:      amcnicky_arrival_flooded_fountain, layout_loops_ring,
          chequers_ecumenical_altar_grove,
          nicolae_concentric_dashed_squares_wild
D:2:      layout_loops_ring, basic_altar
D:3:      layout_basic, nicolae_dithmenos_through_a_glass_darkly,
          uniq_crazy_yiuf_cottage, uniq_sigmund
D:4:      cheibrodos_quashed, layout_rooms, kennysheep_okawaru_gauntlet,
          bh_walls_and_bars
D:5:      layout_gridville, mainiacjoe_overflow_concentric_impassable,
          nicolae_ru_awakened_eye, minmay_temple_entry_sparse_star,
          uniq_blork_the_orc
D:6:      layout_loops_cross, nicolae_yredelemnul_corpse_copse, zin_academy,
          chequers_big_river, kennysheep_windowed_goal
D:7:      layout_layer_cave, enter_bailey_3, corexii_hall_statues_t,
          serial_bayou_lake_a
D:8:      layout_loops_corners, gammafunk_ghost_smash
D:9:      layout_basic
D:10:     layout_cave_pools, grunt_gozag_breadcrumbs, lightli_temple_of_fire,
          minmay_orc_entry_temple_small, enter_trove_1, uniq_maurice
D:11:     layout_cross, lair_entry_dummy
D:12:     layout_loops_ring, uniq_kirke
D:13:     layout_irregular_city, minivault_7, uniq_snorg
D:14:     layout_stronghold, david_vaults_3, minmay_misc_feat_columns,
          chei_slow_surprise
D:15:     hangedman_depths_entry_try_elsewhere_first, layout_irregular_city,
          hangedman_abyss_or_decor_clamps, pond, uniq_nessos
Temple:   nicolae_temple_great_sept
Lair:1:   layout_regular_city
Lair:2:   lemuel_slime, layout_hall_layers, spider_nest_entry_web_field,
          serial_bayou_shore_b
Lair:3:   layout_cave_pods, minmay_swamp_entry_wisps, gauntlet_entry_generic,
          disabler_island
Lair:4:   layout_cave_pods
Lair:5:   layout_cave_pods, gammafunk_ghost_cemetery, dpeg_oklob_1
Lair:6:   wormcave, layout_gridlike, guppyfry_lair_end_dragon,
          nicolae_slime_entry_slimehenge, st_stairs_5, wad_woods_03,
          infiniplex_staircase_pool_2
Orc:1:    layout_caves, serial_shops, nicolae_shop_behind_doors
Orc:2:    st_orc_pillars, layout_caves, nicolae_orc_rockfall,
          kennysheep_orc_chapel, uniq_josephine
Elf:1:    eino_elf_arrival_shootout, layout_geoelf_diagonals,
          minmay_elf_sorcery, hangedman_glass_teeth, grunt_megastairs_4,
          uniq_agnes

Skill      XL: |  1  2  3  4  5  6  7  8  9 10 11 12 13 14 15 |
---------------+----------------------------------------------+-----
Armour         | 4 5 6 8 9 10 12 13 15 | 15.8
Fighting       | 4 5 6 7 8 10 11 13 14 15 | 15.3
Long Blades    | 3 4 5 7 9 11 13 14 15 16 17 | 17.9
Shields        | 4 5 6 8 9 11 12 14 16 17 | 17.1
Dodging        | 1 2 3 4 5 |  5.6
Invocations    | 1 2 3 4 |  4.0
Stealth        | 1 2 |  2.4
Evocations     | 1 |  1.9
Throwing       | |  0.2

Action                   |  1- 3 |  4- 6 |  7- 9 | 10-12 | 13-15 || total
-------------------------+-------+-------+-------+-------+-------++-------
Melee: Long sword        |   114 |    55 |   296 |   265 |       ||   730
       Headbutt          |    16 |     9 |    56 |   135 |   281 ||   497
       Punch             |       |       |     1 |       |       ||     1
       Scimitar          |       |       |       |   352 |   619 ||   971
       Demon blade       |       |       |       |       |   367 ||   367
Throw: Throwing net      |       |       |     1 |       |       ||     1
Invok: Heroism           |       |       |     7 |    18 |    16 ||    41
Evoke: Wand              |       |       |     4 |    21 |     5 ||    30
  Use: Scroll            |     2 |       |     8 |    17 |     5 ||    32
       Potion            |     2 |       |     2 |     2 |     3 ||     9
Armor: Scale mail        |    71 |    11 |       |       |       ||    82
       Chain mail        |       |    15 |   132 |       |       ||   147
       Plate armour      |       |       |    10 |   333 |   530 ||   873
Dodge: Dodged            |    51 |    25 |    93 |   201 |   326 ||   696
Block: Buckler           |    36 |    14 |       |       |       ||    50
       Other             |       |     5 |    14 |       |       ||    19
       Reflection        |       |     2 |     6 |       |       ||     8
       Kite shield       |       |       |   200 |   355 |   691 ||  1246
